 Dungeon Crawl Stone Soup version 0.17.0-28-g6e173f8 (webtiles) character file.

67 lucasterio the Digger (level 3, -1/26 HPs)
             Began as a Draconian Earth Elementalist on Dec 2, 2015.
             Slain by an adder (3 damage)
             ... on level 3 of the Dungeon.
             The game lasted 00:11:44 (2205 turns).

lucasterio the Digger (DrEE)                        Turns: 2205, Time: 00:11:44

Health: -1/26      AC:  6    Str: 10    XL:     3   Next: 98%
Magic:  2/6        EV: 12    Int: 16    God:
Gold:   124        SH:  0    Dex: 11    Spells: 2 memorised, 3 levels left

rFire  . . .     SeeInvis .     i - +0 club (curse)
rCold  . . .     Clarity  .     (armour unavailable)
rNeg   . . .     SustAt   .     (no shield)
rPois  .         Gourm    .     (helmet restricted)
rElec  .         Spirit   .     (no cloak)
rCorr  +         Warding  .     g - +0 pair of gloves
rMut   .         Stasis   .     (no boots)
MR     .....                    f - amulet of resist corrosion
Stlth  ++........               (no ring)
                                (no ring)

@: lethally poisoned (-1 -> -6), not resistant to hostile enchantments,
unstealthy
A: unfitting armour, cold-blooded, AC +5
a: no special abilities


You were on level 3 of the Dungeon.
You were not hungry.

You visited 1 branch of the dungeon, and saw 3 of its levels.

You collected 124 gold pieces.

Inventory:

Hand Weapons
 h - a +0 dagger
 i - a cursed +0 club (weapon)
Missiles
 a - 182 stones (quivered)
Armour
 g - a +0 pair of gloves (worn)
 l - a +0 shield
Jewellery
 f - an amulet of resist corrosion (around neck)
 x - a cursed amulet of guardian spirit {unknown}
Wands
 A - a wand of digging (12)
Scrolls
 d - 2 scrolls of identify
 e - a scroll of remove curse {unknown}
 j - a scroll of teleportation {unknown}
 n - a scroll of recharging
 q - a scroll of blinking {unknown}
 u - a scroll of fear {unknown}
 v - a scroll of fog {unknown}
 w - a scroll of immolation {unknown}
Potions
 k - 2 potions of heal wounds
 m - a potion of cure mutation {unknown}
 p - a potion of degeneration {unknown}
 r - a potion of curing {unknown}
 z - a potion of cancellation {unknown}
Books
 b - a book of Geomancy

   Spells                             Type                      Level
   a - Sandblast                      Earth                        1
   b - Stoneskin                      Transmutation/Earth          2
   c - Passwall                       Transmutation/Earth          3
   d - Stone Arrow                    Conjuration/Earth            3
   e - Petrify                        Transmutation/Earth          4
   f - Lee's Rapid Deconstruction     Earth                        5
 y - a book of Ice

   Spells                             Type                      Level
   a - Ice Form                       Ice/Transmutation            4
   b - Metabolic Englaciation         Hexes/Ice                    5
   c - Ozocubu's Refrigeration        Ice                          6
   d - Bolt of Cold                   Conjuration/Ice              6
   e - Freezing Cloud                 Conjuration/Ice/Air          6
   f - Simulacrum                     Ice/Necromancy               6
Comestibles
 c - 3 bread rations
 o - 5 chunks of flesh
 s - a beef jerky
 t - a slice of pizza


   Skills:
 - Level 1.7 Dodging
 - Level 1.7 Stealth
 + Level 2.6 Spellcasting
 * Level 0.4 Conjurations
   Level 1.0 Transmutations
 + Level 4.4 Earth Magic


You had 3 spell levels left.
You knew the following spells:

 Your Spells              Type           Power        Failure   Level  Hunger
a - Sandblast             Erth           ###...       3%          1    #......
b - Stone Arrow           Conj/Erth      #.....       21%         3    ###....


Dungeon Overview and Level Annotations

Branches:
Dungeon (3/15)

Altars:
Cheibriados
Gozag
Okawaru

Annotations:
D:2 Jessica


Innate Abilities, Weirdness & Mutations

Your plain brown scales are hard (AC +5).
Your body does not fit into most forms of armour.
You are cold-blooded and may be slowed by cold attacks.


Message History

You feel sick.
You feel sick. The adder misses you.
You feel sick.
You feel sick.
* * * LOW HITPOINT WARNING * * *
You feel sick. The adder barely misses you.
* * * LOW HITPOINT WARNING * * *
You feel sick.
* * * LOW HITPOINT WARNING * * *
You feel sick.
* * * LOW HITPOINT WARNING * * *
You feel sick. The adder closely misses you.
* * * LOW HITPOINT WARNING * * *
You feel sick.
* * * LOW HITPOINT WARNING * * *
You feel sick. The adder bites you but does no damage.
* * * LOW HITPOINT WARNING * * *
You feel sick. The adder bites you.
You die...

#.# #####.# #.# #......
#[#######.###.#
#.#............
#..............
###.#####.###.# ######.#
#.# #.# #......# #.# #..
#@####### #.###..
#S....... ..##...
######.##############..
#.....#...# #.........
#.####.##.####.#######.
.................[......
##....#.##.###.########.
........##.##.#.## .
##.#....##.#.###.## .


You could see an adder.

Vanquished Creatures
  2 adders
  2 giant geckos (D:2)
  An orc (D:3)
  3 ball pythons
  4 giant cockroaches
  5 goblins (D:1)
  7 hobgoblins
  3 jackals (D:1)
  4 bats
  3 giant newts (D:1)
  8 kobolds
  5 rats (D:1)
47 creatures vanquished.

Notes
Turn   | Place    | Note
--------------------------------------------------------------
     0 | D:1      | lucasterio the Draconian Earth Elementalist began the quest for the Orb.
     0 | D:1      | Reached XP level 1. HP: 14/14 MP: 3/3
   314 | D:1      | Reached XP level 2. HP: 18/20 MP: 1/5
   440 | D:1      | HP: 1/20 [goblin (2)]
  1084 | D:1      | Reached skill level 4 in Earth Magic
  1084 | D:1      | Reached XP level 3. HP: 26/26 MP: 2/6
  1443 | D:2      | Found an opulent altar of Gozag.
  1493 | D:2      | Noticed Jessica
  1512 | D:1      | Learned a level 3 spell: Stone Arrow
  1919 | D:2      | Found an iron altar of Okawaru.
  1927 | D:2      | Found a snail-covered altar of Cheibriados.
  2204 | D:3      | HP: 1/26 [poisoned by an adder]
  2205 | D:3      | Slain by an adder

Action                   || total
-------------------------++-------
Melee: Club              ||    79
       Unarmed           ||     6
 Cast: Sandblast         ||    90
  Use: Scroll            ||     2
 Stab: Sleeping          ||     2
  Eat: Chunk             ||     5
